 Dungeon Crawl Stone Soup version 0.23-b1-6-ga921848b48 (webtiles) character file.

Game seed: 4817008049392675102

2410 Gargoyl the Chopper (level 9, 0/71 (72) HPs)
             Began as a Centaur Abyssal Knight on Feb 2, 2019.
             Was a Priest of Lugonu.
             Slain by a two-headed ogre
             ... wielding a +0 dire flail
              (4 damage)
             ... on level 8 of the Dungeon.
             The game lasted 00:13:53 (9268 turns).

Gargoyl the Chopper (Centaur Abyssal Knight)        Turns: 9268, Time: 00:13:54

HP:   0/71 (72)     AC: 17    Str: 17    XL:     9   Next: 23%
MP:   13/13         EV:  5    Int: 11    God:    Lugonu [***...]
Gold: 146           SH:  6    Dex: 10    Spells: 8/8 levels left

rFire    . . .     SeeInvis .   a - +3 hand axe
rCold    . . .     Gourm    .   p - +3 buckler {AC+3}
rNeg     . . .     Faith    .   d - +3 chain mail
rPois    .         Spirit   .   j - +1 helmet
rElec    .         Reflect  .   (no cloak)
rCorr    .         Harm     .   (no gloves)
MR       .....                  (no barding)
Stlth    ..........             o - amulet of magic regeneration
HPRegen  0.21/turn              n - ring of flight
MPRegen  0.38/turn              (no ring)

@: very quick
A: large, hooves 3, deformed body, speed 2, tough skin 3
a: Depart the Abyss, Bend Space, Banish, Renounce Religion, Evoke Flight


You were on level 8 of the Dungeon.
You worshipped Lugonu.
Lugonu was most pleased with you.
You were not hungry.

You visited 1 branch of the dungeon, and saw 8 of its levels.
You visited the Abyss 1 time.

You collected 273 gold pieces.
You spent 127 gold pieces at shops.

Inventory:

Hand Weapons
 a - a +3 hand axe (weapon)
Armour
 d - a +3 chain mail (worn)
 j - a +1 helmet (worn)
 p - a +3 buckler of protection (worn)
Jewellery
 n - a ring of flight (left hand)
 o - an amulet of magic regeneration (around neck)
Scrolls
 b - 4 scrolls of identify
 l - 3 scrolls of remove curse
Potions
 f - 2 potions of heal wounds
 g - a potion of haste {unknown}
 h - a potion of flight {unknown}
 i - a potion of mutation {unknown}
 k - 6 potions of curing
 m - a potion of agility {unknown}
 q - a potion of invisibility {unknown}
 r - a potion of lignification {unknown}
Comestibles
 c - 5 rations


   Skills:
 + Level 4.7 Fighting
 + Level 6.0 Axes
 * Level 5.6 Armour
 * Level 3.3 Dodging
 + Level 1.3 Shields
 * Level 5.5 Invocations
 + Level 0.1 Evocations


You had 8 spell levels left.
You didn't know any spells.
Your spell library contained the following spells:

 Spells                   Type           Power        Failure   Level  Hunger
 Beastly Appendage        Tmut           #.....       99%         1    ##.....
 Corona                   Hex            #......      99%         1    ##.....
 Ensorcelled Hibernation  Hex/Ice        #.....       100%        2    ###....
 Sticks to Snakes         Tmut           #.......     100%        2    ###....
 Confuse                  Hex            #.......     100%        3    ####...
 Dazzling Spray           Conj/Hex       #.....       100%        3    ####...
 Spider Form              Tmut/Pois      #.........   100%        3    ####...
 Tukima's Dance           Hex            #.......     100%        3    ####...
 Ice Form                 Ice/Tmut       #.......     100%        4    #####..
 Blade Hands              Tmut           #.........   100%        5    ######.


Dungeon Overview and Level Annotations

Branches:
Dungeon (8/15)             Temple (0/1) D:4
   Lair: D:8-11

Altars:
Cheibriados
Dithmenos
Gozag
Hepliaklqana
Kikubaaqudgha
Xom
Zin

Shops:
D:4 [*(   D:8 [

Annotations:
D:6 Prince Ribbit
D:7 2 transporters, Oravi's ghost, novice NaWr


Innate Abilities, Weirdness & Mutations

You have hooves in place of feet.
Armour fits poorly on your strangely shaped body.
You cover ground very quickly.
You have extremely tough skin. (AC +3)


Message History

A quokka comes into view.
Found a scroll labeled YDILERUVEACU.
Found a ring mail.
Your surroundings suddenly seem different.
An orc comes into view. It is wielding a +0 whip.
The orc shouts!
You hear a shout!
You hear a croak.
A bullfrog comes into view.
Found glowing ice dragon scales.
As you read the scroll of teleportation, it crumbles to dust.
You feel strangely unstable.
A centaur comes into view.
Your surroundings suddenly seem different.
The worker ant twitches its antennae in your direction.
The iguana hisses angrily.
The worker ant barely misses you. You block the iguana's attack.
The centaur moves out of view.
The worker ant barely misses you.
The two-headed ogre completely misses you.
The two-headed ogre hits you with a +0 giant club.
You die...

#<..5O..Y.⌠........$.c
#...##F##(.F##.####...
#.....# #[#. #..
##....# ##Y #.#
####..## .## ###...##
# #....O.###.##
##...O......
#..l@a......
#...........
##..#..#.#.. ### ### #
# ... ..... .....
.?..# [...# .....


You could see a two-headed ogre, an ogre, an iguana and a worker ant.

Vanquished Creatures
  A hippogriff (D:7)
  A yak (D:8)
  Menkaure (D:7)
  An orc warrior (D:6)
  3 sky beasts
  A necrophage (D:7)
  A phantom (D:6)
  An ogre (D:5)
  A centaur (D:5)
  A howler monkey (D:6)
  3 wights
  2 crimson imps
  A bullfrog skeleton (D:4)
  3 orc priests
  8 orc wizards
  2 iguanas
  7 worker ants
  A hound skeleton (D:5)
  7 gnolls
  A howler monkey skeleton (D:7)
  6 adders
  2 shadow imps
  An adder skeleton (D:6)
  A worm (D:2)
  A dart slug (D:2)
  6 leopard geckos
  22 orcs
  4 giant cockroaches
  6 hobgoblins
  13 jackals
  2 quokkas
  6 bats
  3 frilled lizards
  6 goblins
  8 kobolds
  5 rats
139 creatures vanquished.

Vanquished Creatures (others)
  A troll (D:7)
  A hungry ghost (D:6)
  An orc wizard (D:6)
3 creatures vanquished.

Grand Total: 142 creatures vanquished

Notes
Turn   | Place    | Note
-------+----------+-------------------------------------------
     0 | Abyss:1  | Gargoyl the Centaur Abyssal Knight began the quest for the
                  | Orb.
     0 | Abyss:1  | Reached XP level 1. HP: 19/19 MP: 2/2
    53 | Abyss:1  | Noticed a neqoxec
    53 | Abyss:1  | Noticed a large abomination
   109 | Abyss:1  | Noticed an emperor scorpion zombie
   161 | Abyss:2  | Noticed a ynoxinul
   186 | D:1      | Escaped the Abyss
   398 | D:1      | Reached * piety under Lugonu
   489 | D:1      | Reached XP level 2. HP: 26/26 MP: 3/3
   995 | D:2      | Reached skill level 1 in Dodging
  1020 | D:2      | Reached skill level 2 in Axes
  1020 | D:2      | Reached XP level 3. HP: 31/31 MP: 4/4
  1455 | D:2      | Reached ** piety under Lugonu
  1587 | D:2      | Found a snail-covered altar of Cheibriados.
  1983 | D:3      | Found a faded altar of an unknown god.
  2156 | D:2      | Reached XP level 4. HP: 9/38 MP: 5/5
  2737 | D:3      | Found a glowing silver altar of Zin.
  3015 | D:4      | Found Utunaz's Antique Armour Boutique.
  3318 | D:3      | Reached XP level 5. HP: 39/45 MP: 7/7
  3466 | D:4      | Found a staircase to the Ecumenical Temple.
  3477 | D:4      | Found Wuew's Weapon Emporium.
  3556 | D:4      | Found Nibirrul's General Store.
  3789 | D:4      | Reached skill level 3 in Axes
  3910 | D:3      | Reached XP level 6. HP: 14/52 MP: 8/8
  4695 | D:4      | Found a shimmering altar of Xom.
  4738 | D:4      | Found a shadowy altar of Dithmenos.
  4797 | D:5      | Entered Level 5 of the Dungeon
  4853 | D:5      | Noticed a sky beast
  4897 | D:5      | Killed a sky beast
  5092 | D:5      | Found an opulent altar of Gozag.
  5237 | D:4      | Reached XP level 7. HP: 53/58 MP: 9/9
  5264 | D:4      | Bought a shiny buckler for 127 gold pieces
  5389 | D:5      | Reached skill level 4 in Axes
  6543 | D:6      | Reached XP level 8. HP: 62/66 MP: 11/11
  6569 | D:6      | Reached *** piety under Lugonu
  6999 | D:6      | Reached skill level 5 in Axes
  7255 | D:6      | Reached skill level 1 in Shields
  7490 | D:7      | Noticed Prince Ribbit
  7506 | D:7      | Noticed Menkaure
  7843 | D:7      | Killed Menkaure
  7843 | D:7      | Reached skill level 5 in Armour
  8132 | D:7      | Reached skill level 5 in Invocations
  8486 | D:7      | Noticed a hippogriff
  8491 | D:7      | Found a transporter.
  8494 | D:7      | Noticed a moth of wrath
  8495 | D:7      | Noticed Oravi's ghost (novice NaWr)
  8500 | D:7      | Reached XP level 9. HP: 71/71 MP: 12/12
  8614 | D:7      | Found a transporter.
  8709 | D:7      | Found an ancient bone altar of Kikubaaqudgha.
  8709 | D:7      | Found a hazy altar of Hepliaklqana.
  8927 | D:8      | Noticed a troll
  8928 | D:8      | Noticed a centaur warrior
  8929 | D:8      | Noticed a two-headed ogre
  8972 | D:7      | Banished a troll
  8972 | D:7      | Reached skill level 6 in Axes
  9239 | D:8      | Noticed a two-headed ogre
  9251 | D:8      | HP: 1/71 [two-headed ogre/+0 giant club (7)]
  9254 | D:8      | Found Joitu's Armour Boutique.
  9268 | D:8      | Slain by a two-headed ogre

Skill      XL: |  1  2  3  4  5  6  7  8  9 |
---------------+----------------------------+-----
Dodging        | 1 2 3 |  3.3
Axes           | 2 3 4 5 6 |  6.0
Armour         | 2 3 4 5 |  5.6
Invocations    | 3 4 5 |  5.5
Fighting       | 4 |  4.7
Shields        | 1 |  1.3
Evocations     | |  0.1

Action                   |  1- 3 |  4- 6 |  7- 9 || total
-------------------------+-------+-------+-------++-------
Melee: Hand axe          |   147 |   147 |   311 ||   605
       Kick              |    18 |    37 |    57 ||   112
Invok: Depart the Abyss  |     1 |       |       ||     1
       Banish            |       |       |     3 ||     3
       Bend Space        |       |       |     2 ||     2
Evoke: Wand              |       |       |    10 ||    10
  Use: Scroll            |     8 |     2 |     9 ||    19
       Potion            |     1 |     2 |       ||     3
  Eat: Chunk             |     2 |     6 |     6 ||    14
       Ration            |       |     1 |     6 ||     7
Armor: Chain mail        |   129 |   124 |   298 ||   551
Dodge: Dodged            |    35 |    46 |    71 ||   152
Block: Buckler           |       |       |    90 ||    90
